 Dungeon Crawl Stone Soup version 0.31-a0-1280-g1fbed5c (webtiles) character file.

Game seed: 13500727806841652556

141029 gompami the Convoker (level 17, -1/103 HPs)
             Began as a Kobold Summoner on Dec 17, 2023.
             Was a High Priest of Wu Jian.
             Collided with a cactus giant (7 damage)
             ... caused by a deep elf knight
             ... on level 3 of the Elven Halls.
             The game lasted 01:44:02 (34071 turns).

gompami the Convoker (Kobold Summoner)             Turns: 34071, Time: 01:44:02

Health: -1/103     AC: 11    Str: 13    XL:     17   Next: 93%
Magic:  6/33       EV: 23    Int: 22    God:    Wu Jian [*****.]
Gold:   915        SH:  0    Dex: 22    Spells: 6/40 levels left

rFire   + . .        a - +3 quick blade (venom)
rCold   + + +        (no shield)
rNeg    . . .        Z - +2 robe {rC+ rF+}
rPois   +            Y - +2 hat {Will+}
rElec   .            X - +2 cloak
rCorr   .            y - +0 pair of gloves
SInv    .            M - +0 pair of boots
Will    ++...        w - amulet of the acrobat
Stlth   ++++         k - ring "Coimoar" {rPois rC++ Str+6 Int+3 Dex+3}
HPRegen 0.37/turn    D - +4 ring of slaying
MPRegen 0.23/turn

%: acrobat
@: studying 2 skills
A: small, no large weapons, nightstalker 3
a: Renounce Religion, Wall Jump, Serpent's Lash, Heavenly Storm


You were on level 3 of the Elven Halls.
You worshipped Wu Jian.
Wu Jian was extremely pleased with you.
You visited 5 branches of the dungeon, and saw 26 of its levels.

You collected 3408 gold pieces.
You spent 2493 gold pieces at shops.

Inventory:

Hand Weapons
 a - a +3 quick blade of venom (weapon)
 d - a +1 rapier of holy wrath
 R - a +0 vampiric short sword
Missiles
 B - 26 poisoned darts
 F - 7 curare-tipped darts
 I - a throwing net (quivered)
Armour
 y - a +0 pair of gloves (worn)
 K - a +0 troll leather armour
 M - a +0 pair of boots (worn)
 X - a +2 cloak (worn)
 Y - a +2 hat of willpower (worn)
 Z - a +2 robe of resistance (worn)
Jewellery
 b - an amulet of magic regeneration
 h - a ring of see invisible
 k - the ring "Coimoar" (left hand) {rPois rC++ Str+6 Int+3 Dex+3}
   (You acquired it on level 13 of the Dungeon)

   [ring of strength]

   Str+6:     It affects your strength (+6).
   Int+3:     It affects your intelligence (+3).
   Dex+3:     It affects your dexterity (+3).
   rC++:      It greatly protects you from cold.
   rPois:     It protects you from poison
 w - an amulet of the acrobat (around neck)
 D - a +4 ring of slaying (right hand)
 P - a ring of wizardry
Wands
 p - a wand of mindburst (12)
 r - a wand of paralysis (5)
 x - a wand of flame (63)
 H - a wand of acid (4)
 T - a wand of roots (6)
Scrolls
 g - 3 scrolls of noise
 i - 2 scrolls of revelation
 j - 11 scrolls of teleportation
 n - 3 scrolls of torment {unknown}
 o - a scroll of blinking
 q - 3 scrolls of poison
 u - a scroll of fog
 z - 3 scrolls of fear
 E - 4 scrolls of amnesia
 S - a scroll of brand weapon
 U - 2 scrolls of immolation
 V - 2 scrolls of silence {unknown}
Potions
 e - 3 potions of cancellation
 l - 4 potions of curing
 m - 4 potions of brilliance
 s - 3 potions of enlightenment
 v - 5 potions of magic
 A - 5 potions of lignification
 C - a potion of invisibility {unknown}
 G - a potion of attraction
 J - a potion of ambrosia {unknown}
 L - a potion of berserk rage {unknown}
 N - a potion of might {unknown}
 O - 3 potions of haste {unknown}
 W - 2 potions of mutation {unknown}
Miscellaneous
 Q - a lightning rod (4/4)


   Skills:
 - Level 10.4 Fighting
 - Level 10.4 Short Blades
 - Level 2.0 Throwing
 - Level 4.0 Armour
 - Level 10.6 Dodging
 - Level 4.0 Stealth
 - Level 10.2 Unarmed Combat
 - Level 12.0 Spellcasting
 + Level 8.2 Hexes
 - Level 18.0 Summonings
 + Level 6.9 Transmutations
 - Level 6.0 Air Magic
 - Level 6.0 Evocations


You had 6 spell levels left.
You knew the following spells:

 Your Spells              Type           Power      Damage    Failure   Level
a - Summon Cactus Giant   Summ           37%        N/A       1%          6
b - Yara's Violent Unrav  Hex/Tmut       23%        3d10      6%          5
c - Summon Hydra          Summ           37%        N/A       2%          7
d - Summon Guardian Gole  Hex/Summ       63%        N/A       1%          3
e - Summon Lightning Spi  Summ/Air       60%        N/A       1%          4
f - Wereblood             Tmut           43%        N/A       1%          2
g - Summon Mana Viper     Hex/Summ       63%        N/A       1%          5
t - Jinxbite              Hex            98%        N/A       1%          2

Your spell library contained the following spells:

 Spells                   Type           Power      Damage    Failure   Level
 Summon Small Mammal      Summ           100%       N/A       0%          1
 Call Imp                 Summ           100%       N/A       0%          2
 Call Canine Familiar     Summ           75%        N/A       0%          3
 Ensorcelled Hibernation  Hex/Ice        62%        N/A       1%          2
 Animate Armour           Summ/Erth      100%       N/A       1%          4
 Static Discharge         Conj/Air       52%        3-6/arc   2%          2
 Airstrike                Air            19%        2d(3-19)  4%          4
 Sublimation of Blood     Necr           13%        N/A       8%          2
 Anguish                  Hex/Necr       15%        N/A       9%          4
 Petrify                  Tmut/Erth      28%        N/A       12%         4
 Ozocubu's Armour         Ice            13%        N/A       14%         3
 Stone Arrow              Conj/Erth      26%        3d8       14%         3
 Metabolic Englaciation   Hex/Ice        15%        N/A       26%         5
 Irradiate                Conj/Tmut      14%        3d16      32%         5
 Animate Dead             Necr           13%        N/A       43%         4
 Borgnjor's Vile Clutch   Necr/Erth      6%         N/A       80%         5
 Conjure Ball Lightning   Conj/Air       13%        3x3d6     91%         6
 Death Channel            Necr           6%         N/A       100%        6
 Simulacrum               Ice/Necr       6%         N/A       100%        6
 Summon Horrible Things   Summ           37%        N/A       21%         8
 Malign Gateway           Summ/Tloc      25%        N/A       71%         7
 Spellforged Servitor     Conj/Summ      25%        N/A       71%         7
 Discord                  Hex            24%        N/A       100%        8
 Disjunction              Tloc           6%         N/A       100%        8
 Lehudib's Crystal Spear  Conj/Erth      6%         10d3      100%        8


Dungeon Overview and Level Annotations

Branches:
Dungeon (15/15)            Temple (1/1) D:7            Lair (5/5) D:8
  Swamp (0/4) Lair:3        Snake (0/4) Lair:3        Slime (0/5) Lair:4
    Orc (2/2) D:12            Elf (3/3) Orc:2        Vaults (0/5) D:13
 Depths (0/4) D:15

Altars:
Ashenzari
Cheibriados
Dithmenos
Elyvilon
Fedhas
Gozag
Hepliaklqana
Kikubaaqudgha
Makhleb
Nemelex Xobeh
Qazlal
Ru
Sif Muna
Trog
Uskayaw
Vehumet
Wu Jian
Xom
Yredelemnul
Zin
Jiyva

Shops:
D:1 :   D:3 *   D:8 :   D:11 :   Orc:2 *(*((

Annotations:
D:2 1 runed translucent door, Crazy Yiuf
D:6 2 runed translucent doors, 1 transporter
D:12 1 runed translucent door
Orc:1 2 transporters, Ubbricas's ghost, journeyman DgHu
Elf:1 1 runed translucent door
Elf:2 3 runed translucent doors, Roxanne
Elf:3 1 exclusion


Innate Abilities, Weirdness & Mutations

You are small and have problems with some larger weapons.
You are completely attuned to the shadows.


Message History

Press: ? - help, Dir - move target, f - deep elf knight
Aim: a deep elf knight Attack!
The deep elf knight wields a +0 shortbow.
The deep elf knight shoots an arrow.
The arrow hits your mana viper!!
Your mana viper bites the deep elf knight!
The deep elf knight's magic leaks into the air.
Your eight-headed hydra disappears in a puff of smoke!
Your four-headed hydra disappears in a puff of smoke!
Your mana viper bites the deep elf knight!!
The deep elf knight's magic leaks into the air.
The deep elf knight falters for a moment.
Your mana viper closely misses the deep elf knight.
Casting: Summon Mana Viper (mildly dangerous; 1% risk of failure)
Confirm with . or Enter, or press ? or * to list all spells.
A mana viper appears with a sibilant hiss.
Your mana viper disappears in a puff of smoke!
A deep elf zephyrmancer comes into view.
It is wielding a +0 long sword and carrying a wand of paralysis.
The deep elf knight shoots an arrow.
The arrow hits your mana viper!
You hear a bow twang.
An arrow appears from out of your range of vision.
The arrow completely misses your mana viper.
Something barely misses you.
Your mana viper barely misses something.
Casting: Summon Mana Viper (mildly dangerous; 1% risk of failure)
Confirm with . or Enter, or press ? or * to list all spells.
The deep elf zephyrmancer casts a spell.
The deep elf zephyrmancer blinks!
You hear a bow twang.
An arrow appears from out of your range of vision.
The arrow barely misses your mana viper.
Your mana viper closely misses something.
You hear some strange, mumbled words.
A lance of force appears from out of thin air!
The lance of force hits you!!
* * * LOW HITPOINT WARNING * * *
You are knocked back by the lance of force.
You collide with your cactus giant!
Your cactus giant is moderately damaged.
You die...

##### ##...##
##.....#####
#....#.'...#
##.##...#.#.#
#C.######...####
#@## ..#.#...#
#{# #.....#.#..
#####S#
..#.#...#..
#....)#
##...####..
##...ยง.#
#.#.#...#.
#.....##
#...)..)..
#(.).e#
##'##)).#.
#..)..#
...##'##..
##....#
.#.))..#..


You could see a friendly mana viper (summoned) and a friendly cactus giant
(summoned).

Vanquished Creatures
  Louise (D:15)
  A deep elf elementalist (Elf:1)
  Nessos (D:15)
  A deep elf demonologist (Elf:2)
  Josephine (Lair:5)
  An ettin (Orc:2)
  A fire dragon (Lair:5)
  A hydra (Lair:5)
  5 centaur warriors
  2 boulder beetles
  7 dancing weapons
  3 two-headed ogres
  An orc high priest (Orc:2)
  8 deep elf knights
  A lindwurm (Lair:5)
  4 deep elf archers
  15 deep elf pyromancers
  3 orc knights (Orc:2)
  7 ugly things
  2 manticores
  23 deep elf zephyrmancers
  3 orc sorcerers (Orc:2)
  2 cyclopes
  13 elephants
  2 nameless horrors (Elf:1)
  2 kobold blastminers (Orc:2)
  6 cane toads
  5 black mambas
  2 molten gargoyles (Lair:5)
  2 gargoyles
  An unseen horror (D:10)
  9 komodo dragons
  2 kobold demonologists
  A tengu conjurer (D:15)
  3 rime drakes
  2 yaktaurs (D:15)
  2 meliai (D:15)
  A queen bee (shapeshifter) (Elf:1)
  3 polar bears
  3 trolls
  10 blink frogs
  2 dream sheep (Lair:5)
  A slime creature (D:12)
  An air elemental (Elf:1)
  2 water elementals
  3 wraiths
  A vampire (D:12)
  6 wyverns
  26 yaks
  5 basilisks
  A golden eye (shapeshifter) (Elf:2)
  A warg (Orc:2)
  A vampire mosquito (D:12)
  2 nagas (Lair:3)
  2 hell hounds (Lair:5)
  11 water moccasins
  2 sky beasts
  3 black bears
  3 ogres
  6 orc warriors
  3 wolves
  7 centaurs
  2 phantoms
  3 kobold brigands
  A gnoll sergeant (D:5)
  13 bullfrogs
  A scorpion (D:4)
  6 wights
  9 killer bees
  6 howler monkeys
  6 electric eels
  4 jellies
  2 lava snakes (Lair:5)
  2 hounds (D:5)
  2 orc priests
  A sleepcap (D:5)
  Natasha (D:3)
  6 orc wizards
  3 gnolls
  8 adders
  2 white imps
  A dart slug (D:3)
  35 orcs
  2 ball pythons
  4 endoplasms
  2 giant cockroaches (D:2)
  4 goblins
  4 hobgoblins
  14 kobolds
  4 quokkas
  2 training dummies (D:4)
  A bat (D:3)
  2 frilled lizards
  2 rats
407 creatures vanquished.

Vanquished Creatures (collateral kills)
  Rupert (D:15)
  A deep elf sorcerer (Elf:1)
  A stone giant (D:15)
  2 deep elf annihilators (Elf:1)
  2 two-headed ogres
  A centaur warrior (D:15)
  12 dancing weapons
  3 orc high priests
  9 deep elf knights
  A bog body (Lair:3)
  2 orc knights (Orc:2)
  4 deep elf archers
  11 deep elf zephyrmancers
  19 deep elf pyromancers
  6 ugly things
  2 orc sorcerers (Orc:2)
  A cyclops (D:12)
  3 kobold blastminers (Orc:2)
  4 black mambas
  5 elephants
  2 cane toads
  A rime drake (Lair:4)
  2 kobold demonologists
  7 komodo dragons
  A komodo dragon (shapeshifter) (D:14)
  A meliai (shapeshifter) (Elf:2)
  A troll (D:12)
  A meliai (D:15)
  A wolf spider simulacrum (D:14)
  9 blink frogs
  3 dream sheep (Lair:5)
  2 slime creatures
  2 wraiths (Lair:5)
  30 yaks
  2 fire elementals (Elf:1)
  A water elemental (Elf:2)
  An air elemental (Elf:2)
  A warg (Orc:2)
  A wyvern (Lair:5)
  A basilisk (Lair:5)
  2 steam dragons
  2 swamp worms (Lair:3)
  A vampire mosquito (D:12)
  3 nagas (Lair:3)
  2 hell hounds (Lair:5)
  8 water moccasins
  An acid dragon (D:11)
  9 orc warriors
  An ogre (D:5)
  6 wolves
  9 centaurs
  A phantom (D:6)
  A brain worm (shapeshifter) (Elf:1)
  2 kobold brigands (D:7)
  2 bullfrogs
  A scorpion (D:5)
  An earth elemental (Elf:2)
  7 wights
  8 killer bees
  A howler monkey (D:5)
  3 lava snakes (Lair:5)
  4 jellies
  10 orc priests
  2 hounds
  An iguana (D:5)
  A sleepcap (D:4)
  Natasha (D:3)
  13 orc wizards
  2 human simulacra (D:10)
  8 gnolls
  7 adders
  2 shadow imps (D:5)
  A worm (D:2)
  2 dart slugs
  33 orcs
  An endoplasm (D:2)
  5 goblins
  5 hobgoblins
  3 jackals (D:1)
  3 bats
  13 kobolds
  3 rats
351 creatures vanquished.

Vanquished Creatures (others)
  Snorg (Orc:1)
  A two-headed ogre (D:12)
  An ugly thing (D:14)
  A slime creature (D:12)
  3 yaks
  A gnoll sergeant (D:11)
  A hound (D:6)
  A gnoll (D:11)
  An orc (D:6)
11 creatures vanquished.

Grand Total: 769 creatures vanquished

Notes
Turn   | Place    | Note
-------+----------+-------------------------------------------
     0 | D:1      | gompami the Kobold Summoner began the quest for the Orb.
     0 | D:1      | Reached XP level 1. HP: 10/10 MP: 3/3
   147 | D:1      | Found Buran's Book Boutique.
   316 | D:1      | Reached skill level 1 in Fighting
   316 | D:1      | Reached XP level 2. HP: 16/16 MP: 3/5
   326 | D:1      | Learned a level 2 spell: Call Imp
   989 | D:2      | Reached skill level 1 in Short Blades
   989 | D:2      | Reached XP level 3. HP: 18/20 MP: 3/6
  1000 | D:2      | Learned a level 3 spell: Call Canine Familiar
  1137 | D:2      | Reached XP level 4. HP: 18/26 MP: 3/7
  1526 | D:2      | Found a runed translucent door.
  1529 | D:2      | Noticed Crazy Yiuf
  2197 | D:3      | Reached XP level 5. HP: 19/32 MP: 3/8
  2242 | D:3      | Found a radiant altar of Vehumet.
  2308 | D:3      | Noticed Natasha
  2318 | D:3      | Killed Natasha
  2319 | D:3      | Reached skill level 5 in Summonings
  2674 | D:3      | Found Ciured's General Store.
  2851 | D:3      | Bought a scroll of identify for 24 gold pieces
  2851 | D:3      | Bought a wand of mindburst (7) for 117 gold pieces
  2908 | D:3      | Noticed Natasha
  2913 | D:3      | Killed Natasha
  2914 | D:3      | Reached XP level 6. HP: 36/37 MP: 6/9
  2961 | D:3      | Learned a level 3 spell: Summon Guardian Golem
  3010 | D:3      | Reached skill level 6 in Summonings
  3148 | D:4      | Reached skill level 1 in Evocations
  3242 | D:4      | Found a bloodstained altar of Trog.
  3300 | D:4      | Reached XP level 7. HP: 40/41 MP: 7/10
  3417 | D:4      | Found Yqey's Magic Scroll Shop.
  3424 | D:4      | Bought a scroll of identify for 28 gold pieces
  3477 | D:4      | Reached skill level 1 in Unarmed Combat
  3477 | D:4      | Reached skill level 1 in Hexes
  4253 | D:5      | Entered Level 5 of the Dungeon
  4282 | D:5      | Reached skill level 5 in Short Blades
  4383 | D:5      | Reached XP level 8. HP: 33/46 MP: 6/11
  4518 | D:4      | Bought a scroll of identify for 28 gold pieces
  4698 | D:5      | Reached skill level 7 in Summonings
  4784 | D:5      | Reached skill level 8 in Summonings
  5099 | D:5      | Reached XP level 9. HP: 40/52 MP: 8/12
  5667 | D:4      | Bought a scroll of identify for 28 gold pieces
  5667 | D:4      | Bought a scroll of fear for 56 gold pieces
  5867 | D:6      | Found a large runed translucent door.
  5867 | D:6      | Found a large runed translucent door.
  6080 | D:6      | Reached skill level 5 in Fighting
  6416 | D:6      | Noticed a troll
  6417 | D:6      | Found a sparkling altar of Nemelex Xobeh.
  6418 | D:6      | Found a transporter.
  7463 | D:7      | Found a staircase to the Ecumenical Temple.
  7470 | Temple   | Entered the Ecumenical Temple
  7491 | Temple   | Became a worshipper of the Wu Jian Council
  7591 | D:7      | Reached skill level 1 in Throwing
  7639 | D:7      | Found an opulent altar of Gozag.
  7642 | D:7      | Found a shadowy altar of Dithmenos.
  8089 | D:7      | Reached skill level 9 in Summonings
  8926 | D:8      | Found a blossoming altar of Fedhas.
  8946 | D:8      | Reached XP level 10. HP: 49/60 MP: 13/13
  8956 | D:8      | Learned a level 4 spell: Summon Lightning Spire
  9068 | D:8      | Reached skill level 1 in Air Magic
  9159 | D:8      | Found an ancient bone altar of Kikubaaqudgha.
  9485 | D:8      | Found a staircase to the Lair.
  9510 | D:8      | Found Vull's Self-Improvement Boutique.
  9881 | D:9      | Noticed a kobold demonologist
  9884 | D:9      | Killed a kobold demonologist
  9884 | D:9      | Reached * piety under Wu Jian
  9988 | D:9      | Reached skill level 10 in Summonings
 10125 | D:9      | Noticed a two-headed ogre
 10142 | D:9      | Killed a two-headed ogre
 10549 | D:9      | Found a glowing silver altar of Zin.
 10553 | D:9      | Found a basalt altar of Yredelemnul.
 10555 | D:9      | Found a burning altar of Makhleb.
 10556 | D:9      | Found a faded altar of an unknown god.
 10561 | D:9      | Found a faded altar of an unknown god.
 10746 | D:9      | Reached skill level 5 in Air Magic
 10756 | D:9      | Reached XP level 11. HP: 47/64 MP: 3/14
 10766 | D:9      | Reached skill level 10 in Short Blades
 11037 | D:10     | Entered Level 10 of the Dungeon
 11315 | D:10     | Noticed a sun demon
 11316 | D:10     | Reached ** piety under Wu Jian
 11458 | D:10     | Reached skill level 5 in Unarmed Combat
 13482 | D:11     | Reached *** piety under Wu Jian
 13535 | D:11     | Reached skill level 5 in Dodging
 13751 | D:11     | Found Sic Pakusoel's Book Boutique.
 13988 | D:11     | Reached XP level 12. HP: 72/72 MP: 7/15
 14326 | D:12     | Reached skill level 1 in Armour
 14532 | D:12     | Noticed a two-headed ogre
 15188 | D:12     | Noticed a two-headed ogre
 15209 | D:12     | Killed a two-headed ogre
 15338 | D:12     | Found a staircase to the Orcish Mines.
 15455 | D:12     | Killed a two-headed ogre
 15519 | D:12     | Found a runed translucent door.
 15576 | D:12     | Reached skill level 11 in Summonings
 15605 | D:13     | Noticed a two-headed ogre
 15744 | Lair:1   | Entered Level 1 of the Lair of Beasts
 16063 | Lair:1   | Reached **** piety under Wu Jian
 16228 | Lair:1   | Reached skill level 12 in Summonings
 16292 | Lair:1   | Reached XP level 13. HP: 80/80 MP: 16/16
 16472 | Lair:1   | Reached skill level 5 in Evocations
 17171 | Orc:1    | Entered Level 1 of the Orcish Mines
 17260 | Orc:1    | Noticed Snorg
 17271 | Orc:1    | Killed Snorg
 17590 | Orc:1    | You fall into a shaft and drop 1 floor!
 17590 | Orc:2    | Entered Level 2 of the Orcish Mines
 17602 | Orc:2    | Found a staircase to the Elven Halls.
 17826 | D:4      | Bought a scroll of acquirement for 728 gold pieces
 17827 | D:4      | Acquired a +1 quick blade of venom
 17829 | D:4      | Acquired 1044 gold pieces
 17832 | D:4      | Bought a scroll of brand weapon for 133 gold pieces
 17832 | D:4      | Bought a scroll of teleportation for 42 gold pieces
 17832 | D:4      | Bought a scroll of fog for 56 gold pieces
 17832 | D:4      | Bought a scroll of teleportation for 42 gold pieces
 17921 | D:1      | Bought the Cyclopedia of Supportive Obstruction for 440
                  | gold pieces
 17924 | D:1      | Learned a level 2 spell: Jinxbite
 18239 | D:13     | Acquired the ring "Coimoar" {rPois rC++ Str+6 Int+3 Dex+3}
 18319 | D:13     | Noticed a centaur warrior
 18330 | D:13     | Killed a centaur warrior
 18422 | D:13     | Noticed a centaur warrior
 18423 | D:13     | Killed a centaur warrior
 18529 | D:13     | Reached skill level 5 in Hexes
 18849 | D:13     | Learned a level 5 spell: Summon Mana Viper
 19125 | D:13     | Found a gate to the Vaults.
 19203 | D:11     | Bought a book of Blood for 476 gold pieces
 19242 | D:14     | Noticed a centaur warrior
 19248 | D:14     | Killed a centaur warrior
 19554 | D:14     | Reached skill level 5 in Spellcasting
 19561 | D:14     | Reached XP level 14. HP: 78/86 MP: 2/21
 19725 | D:14     | Reached skill level 13 in Summonings
 20441 | D:14     | Learned a level 2 spell: Wereblood
 20477 | D:15     | Entered Level 15 of the Dungeon
 20509 | D:15     | Found a staircase to the Depths.
 20509 | D:15     | Noticed a stone giant
 20527 | D:15     | Found an opulent altar of Gozag.
 20550 | D:15     | Noticed Rupert
 20943 | Lair:2   | Reached skill level 1 in Transmutations
 22513 | Lair:3   | Found a staircase to the Snake Pit.
 22787 | Lair:3   | Found a staircase to the Swamp.
 23482 | Lair:4   | Found a viscous altar of Jiyva.
 23483 | Lair:4   | Found a staircase to the Slime Pits.
 23483 | Lair:4   | Reached ***** piety under Wu Jian
 24017 | Lair:5   | Entered Level 5 of the Lair of Beasts
 24026 | Lair:5   | Reached skill level 14 in Summonings
 24082 | Lair:5   | Reached XP level 15. HP: 80/90 MP: 11/25
 24739 | Lair:5   | Noticed Josephine
 24740 | Lair:5   | Killed Josephine
 24867 | Lair:5   | Reached skill level 15 in Summonings
 25151 | Lair:5   | Learned a level 7 spell: Summon Hydra
 25205 | Lair:5   | Found a large runed translucent door.
 25206 | Lair:5   | Found a large runed translucent door.
 26118 | Orc:1    | Found a transporter.
 26169 | Orc:1    | Found a transporter.
 26182 | Orc:1    | Noticed Ubbricas's ghost (journeyman DgHu)
 26336 | Orc:2    | Found Mir Iloani's Antique Weapon Shoppe.
 26901 | Orc:2    | Reached skill level 16 in Summonings
 26909 | Orc:2    | Reached skill level 10 in Spellcasting
 27020 | Orc:2    | Found Jybaefeoch's Antique Weapon Shoppe.
 27153 | Orc:2    | Found Karchapt's Antique Weapon Shoppe.
 27153 | Orc:2    | Found Vikufugu's General Store.
 27156 | Orc:2    | Found Orinnob's General Store.
 27161 | Orc:2    | Bought a potion of magic for 144 gold pieces
 27161 | Orc:2    | Bought a wand of mindburst (6) for 151 gold pieces
 27778 | D:15     | Killed Rupert
 27779 | D:15     | Reached XP level 16. HP: 96/96 MP: 3/30
 27923 | D:15     | Identified the +7 tower shield of Vlad {rN++ Str+4}
 27923 | D:15     | Noticed Louise
 27950 | D:15     | Killed Louise
 28235 | D:15     | Noticed Nessos
 28239 | D:15     | Killed Nessos
 28922 | Elf:1    | Entered Level 1 of the Elven Halls
 28922 | Elf:1    | Found a runed translucent gate.
 28922 | Elf:1    | Found a runed translucent gate.
 28922 | Elf:1    | Found a runed translucent gate.
 28922 | Elf:1    | Found a runed translucent gate.
 28922 | Elf:1    | Found a runed translucent gate.
 28922 | Elf:1    | Found a runed translucent gate.
 28928 | Elf:1    | Found a runed translucent door.
 29046 | Elf:1    | Noticed a deep elf sorcerer
 29056 | Elf:1    | Killed a deep elf sorcerer
 29135 | Elf:1    | Found a runed translucent door.
 29290 | Elf:1    | Reached skill level 17 in Summonings
 30488 | Elf:1    | You fall into a shaft and drop 1 floor!
 30536 | Elf:2    | Reached XP level 17. HP: 71/100 MP: 9/33
 30536 | Elf:2    | HP: 4/100 [ice devil[a deep elf demonologist] (2)]
 30537 | Elf:2    | Noticed a Brimstone Fiend
 31061 | Elf:2    | Reached skill level 10 in Dodging
 31163 | Elf:2    | Noticed Roxanne
 31183 | Elf:2    | Reached skill level 10 in Fighting
 31429 | Elf:2    | Reached skill level 10 in Unarmed Combat
 31542 | Elf:2    | Found a runed translucent gate.
 31543 | Elf:2    | Found a runed translucent gate.
 31543 | Elf:2    | Found a runed translucent gate.
 31920 | Elf:2    | Got the Encyclopedia of Support
 31929 | Elf:2    | Learned a level 6 spell: Summon Cactus Giant
 31938 | Elf:2    | Learned a level 5 spell: Yara's Violent Unravelling
 32764 | Elf:3    | Entered Level 3 of the Elven Halls
 32782 | Elf:3    | Reached skill level 18 in Summonings
 32899 | Elf:3    | Reached skill level 5 in Transmutations
 34071 | Elf:3    | Collided with a cactus giant

Illustrated notes

Levels and vault maps discovered:
D:1:      tarquinn_simple_flora_water_f, layout_basic, serial_shops, shop,
          serial_bayou_pond_d
D:2:      layout_rooms, minivault_14, minmay_goblin_outpost,
          uniq_crazy_yiuf_cottage
D:3:      layout_loops_ring, mainiacjoe_overflow_small_starburst, serial_shops,
          nicolae_shop_advertising_works [nicolae_subvault_shop_adworks],
          uniq_natasha
D:4:      dreamdust_elfheim, layout_loops_ring, kennysheep_little_box,
          serial_shops, shop, minmay_box_of_dots
D:5:      cheibrodos_fzero, layout_cave_pools
D:6:      layout_loops_ring, jmf_multi_god_temple2, grunt_nemelex_the_gamble
D:7:      layout_layer_cave, jmf_multi_god_temple,
          minmay_temple_entry_mini_moons
D:8:      layout_gridville, grunt_temple_overflow_growth_and_decay,
          david_lair_generic, nicolae_shop_self_help
D:9:      layout_stronghold, chequers_temple_overflow_minitemple,
          dk_rats_in_the_wall
D:10:     layout_stronghold, bh_circular_ruins
D:11:     layout_stronghold, serial_shops, shop, minmay_misc_feat_nine_boxes,
          chequers_serial_rivers_small_b
D:12:     layout_roguey, hiddenorc1_lemuel, mainiacjoe_labyrinth_nostalgia
D:13:     layout_basic, erik_vaults_1
D:14:     layout_stronghold, grunt_decor_one_mirror,
          portal_ice_cave_entry_pillars_2
D:15:     grunt_enter_depths_giant_problem, layout_rooms,
          grunt_gozag_breadcrumbs, uniq_louise, uniq_rupert, uniq_nessos
Temple:   nicolae_temple_bog_church
Lair:1:   layout_gridlike, amcnicky_mini_pool_medium, infiniplex_staircase_pool,
          grunt_megastairs_3
Lair:2:   layout_chaotic_city, minmay_lindwurm_lava, serial_bayou_shore_a
Lair:3:   layout_cellular_growth, nicolae_swamp_entry_splash_gauntlet,
          minmay_snake_entry_guardpost_large, dreamdust_mushroom_princess
Lair:4:   layout_roguey, minmay_slime_entry_pillars, serial_bayou_shore_b
Lair:5:   cheibrodos_lair_end_hotspot, layout_big_grid, st_stairs_7,
          uniq_josephine
Orc:1:    layout_diamond_mine, gammafunk_ghost_wrathful_warriors, uniq_snorg
Orc:2:    grunt_orc_tribal_feast, layout_caves, serial_shops,
          nicolae_shop_just_a_little_nook, mines2_lemuel
Elf:1:    nicolae_elf_arrival_dilemma, layout_gridlike,
          nicolae_elf_blasts_and_bolts
Elf:2:    nicolae_elf_blades_crystal_corner, layout_onion_city,
          minmay_elf_demonology, uniq_roxanne
Elf:3:    elf_hall_gauntlet_wide, layout_geoelf_diagonals, grunt_ministairs_12,
          hangedman_elven_crosses_minicolossus, grunt_megastairs_5

Skill      XL: |  1  2  3  4  5  6  7  8  9 10 11 12 13 14 15 16 17 |
---------------+----------------------------------------------------+-----
Fighting       | 1 2 3 6 7 9 10 | 10.4
Short Blades   | 1 2 4 5 6 9 10 | 10.4
Summonings     | 5 6 8 9 10 12 14 16 17 18 | 18.0
Evocations     | 2 3 4 6 |  6.0
Unarmed Combat | 2 3 7 8 9 10 | 10.2
Hexes          | 2 4 6 8 |  8.2
Throwing       | 2 |  2.0
Air Magic      | 5 6 |  6.0
Dodging        | 5 7 9 10 | 10.6
Armour         | 4 |  4.0
Stealth        | 3 4 |  4.0
Spellcasting   | 5 7 10 12 | 12.0
Transmutations | 4 6 |  6.9

Action                     |  1- 3 |  4- 6 |  7- 9 | 10-12 | 13-15 | 16-18 || total
---------------------------+-------+-------+-------+-------+-------+-------++-------
  Melee: Club              |     1 |       |       |       |       |       ||     1
         Dagger            |    27 |    66 |   157 |   401 |   137 |       ||   788
         Punch             |       |     1 |     7 |    24 |    82 |    48 ||   162
         Short sword       |       |       |    33 |    26 |       |       ||    59
         Quick blade       |       |       |       |       |   995 |   558 ||  1553
  Throw: Boomerang         |       |       |     2 |       |       |       ||     2
         Dart              |       |       |     1 |     3 |       |       ||     4
         Throwing net      |       |       |       |       |       |     1 ||     1
   Cast: Summon Small Mamm |     8 |       |     9 |     1 |       |       ||    18
         Call Imp          |     5 |    18 |    32 |    15 |    10 |       ||    80
         Call Canine Famil |     2 |    11 |    40 |    63 |    69 |     9 ||   194
         Summon Guardian G |       |       |     2 |    10 |     5 |     1 ||    18
         Summon Lightning  |       |       |       |    28 |    41 |     7 ||    76
         Summon Mana Viper |       |       |       |       |    47 |    25 ||    72
         Jinxbite          |       |       |       |       |     4 |       ||     4
         Wereblood         |       |       |       |       |     6 |       ||     6
         Summon Hydra      |       |       |       |       |     4 |    57 ||    61
         Summon Cactus Gia |       |       |       |       |       |     8 ||     8
 Invoke: Serpent's Lash    |       |       |       |     6 |    20 |    14 ||    40
         Heavenly Storm    |       |       |       |       |     1 |       ||     1
Ability: Lunge             |       |       |     7 |    78 |    90 |    46 ||   221
         Whirlwind         |       |       |       |    87 |   222 |    81 ||   390
         Wall Jump         |       |       |       |     4 |     7 |     1 ||    12
  Evoke: Wand              |       |       |     3 |     3 |    10 |     3 ||    19
         Lightning rod     |       |       |       |       |     4 |     2 ||     6
    Use: Scroll            |       |     3 |     8 |     4 |    12 |    12 ||    39
         Potion            |       |       |     1 |     2 |     2 |     5 ||    10
   Stab: Sleeping          |     1 |    11 |    10 |    21 |    35 |    18 ||    96
         Distracted        |       |     1 |     2 |    11 |    10 |     2 ||    26
 Armour: Robe              |    22 |    26 |    87 |    61 |    18 |   122 ||   336
         Steam dragon scal |       |       |       |    30 |       |       ||    30
         Troll leather arm |       |       |       |    57 |   166 |       ||   223
  Dodge: Dodged            |    16 |    43 |   127 |   175 |   341 |   149 ||   851

Table legend: (Time is in decaauts)
 A = Elapsed time spent in this place.
 B = Non-inter-level travel time spent in this place.
 C = Inter-level travel time spent in this place.
 D = Time resting spent in this place.
 E = Time spent auto-exploring this place.
 F = Levels seen in this place.
 G = Mean time per level.
                   A        B        C        D        E       F      G
               +--------+--------+--------+--------+--------+-----+--------+
         Total |  33910 |  31385 |   2525 |   3294 |  22336 |  26 | 1304.2 |
       Dungeon |  20236 |  18281 |   1955 |   1801 |  13143 |  15 | 1349.1 |
        Temple |     45 |      3 |     42 |      0 |      0 |   1 |   45.0 |
          Lair |   6541 |   6247 |    294 |    296 |   4802 |   5 | 1308.2 |
  Orcish Mines |   1966 |   1829 |    137 |    246 |   1208 |   2 |  983.0 |
   Elven Halls |   5120 |   5025 |     95 |    951 |   3181 |   3 | 1706.7 |
               +--------+--------+--------+--------+--------+-----+--------+

Top non-repeatable levels by time:
   Elf:2: 2048 daAuts
     D:7: 1842 daAuts
    D:10: 1811 daAuts
  Lair:5: 1807 daAuts
   Elf:1: 1774 daAuts
     D:9: 1597 daAuts
    D:12: 1586 daAuts
     D:4: 1541 daAuts
    D:11: 1514 daAuts
    D:14: 1458 daAuts
  Lair:3: 1404 daAuts
  Lair:1: 1344 daAuts
   Elf:3: 1297 daAuts
     D:3: 1276 daAuts
   Orc:2: 1272 daAuts
